 Dungeon Crawl Stone Soup version 0.29-a0-857-g9b1aa3ac5b (webtiles) character file.

Game seed: 3927174256662145881

42 nxtlvl the Cutter (level 3, 0/22 HPs)
             Began as a Deep Elf Monk on July 16, 2022.
             Slain by a gnoll
             ... wielding a +0 vorpal flail
              (1 damage)
             ... on level 3 of the Dungeon.
             The game lasted 00:04:05 (705 turns).

nxtlvl the Cutter (Deep Elf Monk)                    Turns: 705, Time: 00:04:05

Health: 0/22       AC:  8    Str:  8    XL:     3   Next: 33%
Magic:  5/5        EV: 13    Int: 16    God:
Gold:   44         SH:  0    Dex: 17    Spells: 2/2 levels left

rFire   . . .      SeeInvis .   b - +0 quarterstaff
rCold   . . .      Faith    .   (shield currently unavailable)
rNeg    . . .      Spirit   .   h - +0 leather armour
rPois   .          Reflect  .   (no helmet)
rElec   .          Harm     .   e - +0 cloak
rCorr   .          Rampage  .   (no gloves)
Will    .....                   (no boots)
Stlth   ++........              (no amulet)
HPRegen 0.07/turn               f - +4 ring of protection
MPRegen 0.09/turn               (no ring)

@: no status effects
A: no striking features
a: no special abilities


You were on level 3 of the Dungeon.
You visited 1 branch of the dungeon, and saw 3 of its levels.

You collected 44 gold pieces.

Inventory:

Hand Weapons
 a - a +0 short sword
 b - a +0 quarterstaff (weapon)
Armour
 e - a +0 cloak (worn)
 h - a +0 leather armour (worn)
Jewellery
 f - a +4 ring of protection (left hand)
Scrolls
 d - 2 scrolls of enchant armour {unknown}
 g - a scroll of magic mapping {unknown}
Potions
 c - a potion of ambrosia


   Skills:
 - Level 2.4 Fighting
 + Level 3.8 Short Blades
 * Level 1.9 Staves
 - Level 3.6 Dodging
 - Level 2.4 Stealth


You had 2 spell levels left.
You didn't know any spells.
Your spell library was empty.

Dungeon Overview and Level Annotations

Branches:
Dungeon (3/15)

Altars:
Xom


Message History

You hit the jackal.
You kill the jackal!
You sock the gnoll!
The gnoll is heavily wounded.
The gnoll closely misses you.
You hit the gnoll.
The gnoll is heavily wounded.
The gnoll hits you but does no damage.
A gnoll comes into view. It is wielding a +0 vorpal flail.
The gnoll barely misses you.
A gnoll comes into view. It is wielding a +0 spear.
The gnoll shouts! x2
You hit the gnoll.
The gnoll is severely wounded.
You hit the gnoll but do no damage. The gnoll barely misses you.
You hit the gnoll but do no damage.
The gnoll hits you with a +0 vorpal flail.
You hit the gnoll.
The gnoll is moderately wounded.
The gnoll barely misses you.
You hit the gnoll.
The gnoll is moderately wounded.
The gnoll completely misses you.
The gnoll hits you with a +0 vorpal flail!
You barely miss the gnoll.
The gnoll is moderately wounded.
A gnoll comes into view. It is wielding a +0 spear.
The gnoll barely misses you. The gnoll attacks as you move away!
The gnoll barely misses you. The gnoll attacks as you move away!
The gnoll barely misses you. The gnoll attacks as you move away!
The gnoll barely misses you. The gnoll attacks as you move away!
The gnoll hits you but does no damage. The gnoll attacks as you move away!
The gnoll misses you. The gnoll attacks as you move away!
The gnoll barely misses you. The gnoll attacks as you move away!
The gnoll hits you with a +0 vorpal flail.
The gnoll attacks as you move away!
The gnoll hits you with a +0 vorpal flail!
* * * LOW HITPOINT WARNING * * *
You die...

#.# #..#. ##.# #..# ###
#..# #..# #.# #..# #..#
#.# #..# #..# #.#
####..#####..###.###.###
...........†............
....
############.###.###.##
#..# #.# #@# ...# #.#
#g# #..# #.# #.# #g.#
#.# #g# #..# #.......#
#.# #..# #########
#g###########..##.
#...gg.g....†.....
#############..###
#.....


You could see 3 gnolls.

Vanquished Creatures
  2 adders (D:3)
  A dart slug (D:3)
  2 bats
  3 endoplasms
  A goblin (D:3)
  2 hobgoblins
  3 jackals (D:3)
  A quokka (D:2)
  A ball python (D:3)
  2 frilled lizards (D:1)
  2 kobolds
  A rat (D:3)
21 creatures vanquished.

Notes
Turn   | Place    | Note
-------+----------+-------------------------------------------
     0 | D:1      | nxtlvl the Deep Elf Monk began the quest for the Orb.
     0 | D:1      | Reached XP level 1. HP: 13/13 MP: 3/3
   200 | D:1      | Found a faded altar of an unknown god.
   200 | D:1      | Noticed an Ice Fiend
   240 | D:2      | Found a shimmering altar of Xom.
   322 | D:2      | Reached XP level 2. HP: 18/18 MP: 4/4
   454 | D:3      | Reached skill level 1 in Staves
   638 | D:3      | Reached XP level 3. HP: 20/22 MP: 5/5
   705 | D:3      | HP: 1/22 [gnoll/+0 vorpal flail (7)]
   705 | D:3      | Slain by a gnoll

Illustrated notes

Levels and vault maps discovered:
D:1:      elethiomel_arrival_shortcut, layout_basic,
          dreamdust_ecumenical_altar_sealed_demon
D:2:      layout_loops_corners, basic_altar
D:3:      layout_basic

Skill      XL: |  1  2 |
---------------+-------+-----
Staves         | 1 |  1.9
Fighting       | |  2.4
Short Blades   | |  3.8
Dodging        | |  3.6
Stealth        | |  2.4

Action                   || total
-------------------------++-------
Melee: Short sword       ||     7
       Quarterstaff      ||    55
 Stab: Sleeping          ||     8
Armor: Robe              ||     1
       Leather armour    ||    23
Dodge: Dodged            ||    75

Table legend: (Time is in decaauts)
 A = Elapsed time spent in this place.
 B = Non-inter-level travel time spent in this place.
 C = Inter-level travel time spent in this place.
 D = Time resting spent in this place.
 E = Time spent auto-exploring this place.
 F = Levels seen in this place.
 G = Mean time per level.
                   A        B        C        D        E       F      G
               +--------+--------+--------+--------+--------+-----+--------+
         Total |    714 |    685 |     29 |      0 |    149 |   3 |  238.0 |
       Dungeon |    714 |    685 |     29 |      0 |    149 |   3 |  238.0 |
               +--------+--------+--------+--------+--------+-----+--------+

Top non-repeatable levels by time:
     D:3: 308 daAuts
     D:1: 212 daAuts
     D:2: 194 daAuts
